 Dungeon Crawl Stone Soup version 0.31-a0-496-g6f97920a28 (webtiles) character file.

Game seed: 763629148536860881

5626 CraigForest the Basher (level 10, -1/51 HPs)
             Began as a Minotaur Hunter on Aug 9, 2023.
             Was a Follower of Hepliaklqana.
             Slain by a wraith (8 damage)
             ... on level 9 of the Dungeon.
             The game lasted 00:32:35 (7371 turns).

CraigForest the Basher (Minotaur Hunter)            Turns: 7371, Time: 00:32:35

Health: -1/51      AC: 13    Str: 17    XL:     10   Next: 46%
Magic:  8/8        EV: 11    Int:  6    God:    Hepliaklqana [*.....]
Gold:   479        SH: 18    Dex: 17    Spells: 9/9 levels left

rFire   . . .        K - +8 flail (drain)
rCold   . . .        F - +2 tower shield
rNeg    + . .        v - +2 swamp dragon scales
rPois   +            (helmet restricted)
rElec   .            (no cloak)
rCorr   .            E - +0 pair of gloves
SInv    .            m - +0 pair of boots
Will    .....        (no amulet)
Stlth   ++           k - ring of positive energy
HPRegen 0.28/turn    (no ring)
MPRegen 0.11/turn

%: no passive effects
@: slowed, very slow
A: reduced essence, horns 2, retaliatory headbutt, thin skeletal structure 1,
frail 3, low MP 1, weak 1, evolution 1
a: Renounce Religion, Recall Ancestor, Ancestor Identity


You were on level 9 of the Dungeon.
You worshipped Hepliaklqana.
Hepliaklqana was aware of your devotion.
You visited 1 branch of the dungeon, and saw 9 of its levels.
You also visited: Sewer and Ossuary.

You collected 479 gold pieces.

Inventory:

Hand Weapons
 a - a +0 shortbow
 d - a +3 mace of draining
 n - a +0 long sword
 K - a +8 flail of draining (weapon)
Missiles
 C - 5 boomerangs
 I - 14 poisoned darts
Armour
 c - a +0 leather armour
 h - a +0 ring mail
 m - a +0 pair of boots (worn)
 u - a +0 buckler
 v - +2 swamp dragon scales (worn)
 E - a +0 pair of gloves (worn)
 F - a +2 tower shield (worn)
 P - +0 acid dragon scales
Jewellery
 g - a ring of wizardry
 k - a ring of positive energy (left hand)
 l - a ring of magical power
 y - a ring of wizardry
 D - an amulet of reflection
 Q - a ring of magical power
Talismans
 w - a serpent talisman
Wands
 G - a wand of flame (15)
 H - a wand of roots (16)
Scrolls
 b - a scroll of butterflies
 e - a scroll of brand weapon
 i - 2 scrolls of poison
 x - 2 scrolls of identify
 L - 3 scrolls of teleportation
 M - a scroll of fear {unknown}
 N - 2 scrolls of blinking
Potions
 f - 4 potions of might
 j - 2 potions of cancellation
 o - 4 potions of curing
 p - 5 potions of heal wounds
 q - 3 potions of resistance
 r - 3 potions of enlightenment
 s - 2 potions of attraction
 t - 3 potions of ambrosia
 z - 2 potions of magic
 A - 5 potions of haste
 B - a potion of invisibility {unknown}
 J - a potion of lignification {unknown}
 O - a potion of brilliance {unknown}


   Skills:
 + Level 7.2 Fighting
 + Level 11.2 Maces & Flails
 - Level 4.3 Ranged Weapons
 + Level 7.0 Armour
 + Level 6.2 Dodging
 - Level 1.0 Stealth
 * Level 9.2 Shields


You had 9 spell levels left.
You didn't know any spells.
Your spell library contained the following spells:

 Spells                   Type           Power      Damage    Failure   Level
 Summon Small Mammal      Summ           0%         N/A       99%         1
 Lesser Beckoning         Tloc           0%         N/A       100%        2
 Call Canine Familiar     Summ           0%         N/A       100%        3
 Gell's Gravitas          Tloc           0%         N/A       100%        3
 Summon Guardian Golem    Hex/Summ       0%         N/A       100%        3
 Teleport Other           Tloc           0%         N/A       100%        3


Dungeon Overview and Level Annotations

Branches:
Dungeon (9/15)             Temple (0/1) D:6           Sewer (visited)
Ossuary (visited)
   Lair: D:8-11         Orc: D:9-12

Altars:
Cheibriados
Hepliaklqana
Makhleb
Nemelex Xobeh
Sif Muna
Trog
Uskayaw
Yredelemnul


Innate Abilities, Weirdness & Mutations

Your life essence is reduced to manifest your ancestor. (-10% HP)
You have a pair of horns on your head.
You reflexively headbutt those who attack you in melee.
You have a somewhat thin skeletal structure. (Dex +2, Stealth+)
You are extremely frail. (-30% HP)
Your magical capacity is low. (-10% MP)
You are weak. (Str -2)
You have hidden genetic potential.


Message History

A gargoyle comes into view. It is wielding a +0 morningstar.
Eshargamelat hits the gargoyle but does no damage.
You hit the gargoyle but do no damage.
The gargoyle hurls a stone arrow at you.
You block the stone arrow.
Eshargamelat barely misses the gargoyle.
The gargoyle hurls a stone arrow at you.
The stone arrow hits you!!
You hit the gargoyle but do no damage. Your headbutt misses the gargoyle.
Eshargamelat hits the gargoyle but does no damage.
The gargoyle hits you with a +0 morningstar!
You sock the gargoyle!
The gargoyle is moderately damaged.
Eshargamelat hits the gargoyle but does no damage.
The gargoyle hits you with a +0 morningstar!
You hit the gargoyle but do no damage.
You headbutt the gargoyle, but do no damage.
The gargoyle is moderately damaged.
Eshargamelat hits the gargoyle but does no damage.
The gargoyle hurls a stone arrow at you.
You block the stone arrow.
You thump the gargoyle! You headbutt the gargoyle.
The gargoyle is almost destroyed.
Eshargamelat hits the gargoyle but does no damage.
The gargoyle closely misses you. You furiously retaliate!
You headbutt the gargoyle!
You destroy the gargoyle!
A wraith comes into view.
The wraith misses you.
You see here a +0 morningstar.
You hit the wraith.
The wraith is lightly damaged.
The wraith hits you!
* * * LOW HITPOINT WARNING * * *
The wraith drains your vigour!
You feel yourself slow down.
Eshargamelat hits the wraith.
You block the wraith's attack.
You sock the wraith!
The wraith is severely damaged.
Eshargamelat barely misses the wraith.
The wraith hits you!
You die...

.#. ... .. ..
#.. .## #..#.#
...# .#
#..#.###...##
...#..#.........
#...#........#
#..........#
#.R@### ###W..#
......'##.#
....###.R.#
..###...###
###...###
###...###
###..######
##.........#


You could see the friendly Eshargamelat the ancestor and a wraith (ally target).

Vanquished Creatures
  Maggie (D:6)
  A gargoyle (D:9)
  Grinder (D:6)
  2 yaks (D:8)
  The ghost of HallandMoats the Trooper, an amateur DsMo (D:4)
  Menkaure (D:6)
  A water moccasin (D:6)
  Edmund (D:6)
  An acid dragon (D:8)
  2 orc warriors
  2 sky beasts
  A black bear (D:7)
  An ogre (D:7)
  3 centaurs (D:8)
  2 phantoms
  2 kobold brigands
  2 bullfrogs (D:7)
  Blork the orc (D:6)
  2 scorpions
  5 wights (D:8)
  2 howler monkeys (D:9)
  6 hounds
  A jelly (D:5)
  3 orc priests
  3 gnoll boudas
  2 sleepcaps
  6 iguanas
  9 orc wizards
  4 mummies (Ossuary)
  16 gnolls
  8 adders
  A river rat (D:3)
  3 white imps (D:7)
  2 ufetubi
  3 worms
  3 dart slugs
  17 orcs
  8 ball pythons
  5 endoplasms
  4 giant cockroaches
  4 gnoll zombies (Ossuary)
  11 goblins
  4 hobgoblins
  7 jackals (D:5)
  21 kobolds
  3 quokkas
  6 bats
  8 frilled lizards
  3 gnoll skeletons (Ossuary)
  3 goblin skeletons (Ossuary)
  9 goblin zombies (Ossuary)
  6 hobgoblin skeletons (Ossuary)
  4 hobgoblin zombies (Ossuary)
  7 kobold skeletons (Ossuary)
  A kobold zombie (Ossuary)
  2 orc skeletons (Ossuary)
  3 orc zombies (Ossuary)
  9 rats
  4 rat skeletons (Ossuary)
  6 rat zombies
  2 butterflies (D:1)
262 creatures vanquished.

Vanquished Creatures (collateral kills)
  A two-headed ogre (D:8)
  3 yaks (D:8)
  A howler monkey (D:9)
5 creatures vanquished.

Vanquished Creatures (others)
  An ancestor (D:8)
1 creature vanquished.

Grand Total: 268 creatures vanquished

Notes
Turn   | Place    | Note
-------+----------+-------------------------------------------
     0 | D:1      | CraigForest the Minotaur Hunter began the quest for the
                  | Orb.
     0 | D:1      | Reached XP level 1. HP: 18/18 MP: 0/0
   199 | D:1      | Reached XP level 2. HP: 21/25 MP: 1/1
   244 | D:1      | Reached skill level 1 in Maces & Flails
   802 | D:2      | Reached XP level 3. HP: 31/31 MP: 2/2
   986 | D:2      | Reached skill level 1 in Armour
  1175 | D:2      | Reached XP level 4. HP: 38/38 MP: 3/3
  1386 | D:3      | Reached skill level 2 in Maces & Flails
  1432 | D:3      | Reached skill level 1 in Stealth
  1763 | D:3      | Found a glowing drain.
  1774 | Sewer    | Entered a sewer
  1978 | Sewer    | Noticed a kobold brigand
  1987 | Sewer    | Killed a kobold brigand
  1988 | Sewer    | Reached skill level 3 in Maces & Flails
  1988 | Sewer    | Reached XP level 5. HP: 28/46 MP: 4/4
  2518 | D:4      | Reached skill level 1 in Shields
  2612 | D:4      | Reached skill level 4 in Maces & Flails
  2612 | D:4      | Reached XP level 6. HP: 49/52 MP: 5/5
  2710 | D:4      | Found a runed translucent door.
  2714 | D:4      | Noticed HallandMoats's ghost (amateur DsMo)
  2738 | D:4      | Killed HallandMoats's ghost
  2869 | D:4      | Reached skill level 5 in Maces & Flails
  2902 | D:4      | Reached XP level 7. HP: 32/60 MP: 6/6
  3534 | D:4      | Gained mutation: You are partially covered in iridescent
                  | scales. (AC +2) [potion of mutation]
  3534 | D:4      | Gained mutation: You are vulnerable to heat. (rF-) [potion
                  | of mutation]
  3534 | D:4      | Gained mutation: You have a pair of large horns on your
                  | head. [potion of mutation]
  3535 | D:4      | Lost mutation: You are vulnerable to heat. (rF-) [potion of
                  | mutation]
  3535 | D:4      | Lost mutation: You are partially covered in iridescent
                  | scales. (AC +2) [potion of mutation]
  3535 | D:4      | Lost mutation: You have a pair of large horns on your head.
                  | [potion of mutation]
  3535 | D:4      | Gained mutation: You expend magic power (3 MP) to
                  | strengthen your wands. [potion of mutation]
  3535 | D:4      | Gained mutation: You are dopey. (Int -2) [potion of
                  | mutation]
  3536 | D:4      | Lost mutation: You are dopey. (Int -2) [potion of mutation]
  3536 | D:4      | Lost mutation: You expend magic power (3 MP) to strengthen
                  | your wands. [potion of mutation]
  3536 | D:4      | Gained mutation: You are weak. (Str -2) [potion of
                  | mutation]
  3536 | D:4      | Gained mutation: You are frail. (-10% HP) [potion of
                  | mutation]
  3536 | D:4      | Gained mutation: You occasionally shout uncontrollably at
                  | your foes. [potion of mutation]
  3536 | D:4      | Gained mutation: You have a somewhat thin skeletal
                  | structure. (Dex +2, Stealth+) [potion of mutation]
  3731 | D:5      | Entered Level 5 of the Dungeon
  3815 | D:5      | Found a bloodstained altar of Trog.
  3820 | D:5      | Reached skill level 5 in Armour
  3826 | D:5      | Reached skill level 5 in Fighting
  3856 | D:5      | Found a snail-covered altar of Cheibriados.
  3877 | D:5      | Found a basalt altar of Yredelemnul.
  4049 | D:5      | Identified the +2 scale mail of the Armoured One {rElec
                  | rPois rC- Int-5}
  4068 | D:5      | Reached skill level 6 in Maces & Flails
  4156 | D:5      | HP: 1/54 [acid (8)]
  4529 | D:6      | Noticed Grinder
  4539 | D:6      | Reached XP level 8. HP: 61/61 MP: 7/7
  4552 | D:6      | Killed Grinder
  4553 | D:6      | Reached skill level 7 in Maces & Flails
  4686 | D:6      | Noticed Edmund
  4695 | D:6      | Killed Edmund
  4707 | D:6      | Noticed Maggie
  4719 | D:6      | Found a sparkling altar of Nemelex Xobeh.
  4719 | D:6      | Noticed Blork the orc
  4729 | D:6      | Killed Blork the orc
  4738 | D:6      | Found a hazy altar of Hepliaklqana.
  4747 | D:6      | Became a worshipper of Hepliaklqana the Forgotten
  4797 | D:6      | Reached skill level 8 in Maces & Flails
  4847 | D:6      | Found a staircase to the Ecumenical Temple.
  4882 | D:6      | HP: 1/62 [Maggie/+1 morningstar of protection (6)]
  4885 | D:6      | Killed Maggie
  4886 | D:6      | Reached skill level 5 in Dodging
  4886 | D:6      | Reached XP level 9. HP: 24/67 MP: 8/8
  5150 | D:6      | Found a burning altar of Makhleb.
  5308 | D:6      | Noticed Menkaure
  5315 | D:6      | Killed Menkaure
  5316 | D:6      | Reached skill level 5 in Shields
  5411 | D:6      | Reached skill level 9 in Maces & Flails
  5791 | D:7      | Found a sand-covered staircase.
  5808 | Ossuary  | Entered an ossuary
  6133 | Ossuary  | Lost mutation: You have a somewhat thin skeletal structure.
                  | (Dex +2, Stealth+) [potion of mutation]
  6133 | Ossuary  | Lost mutation: You occasionally shout uncontrollably at
                  | your foes. [potion of mutation]
  6133 | Ossuary  | Gained mutation: You expend magic power (3 MP) to
                  | strengthen your wands. [potion of mutation]
  6133 | Ossuary  | Gained mutation: Your magical capacity is low. (-10% MP)
                  | [potion of mutation]
  6133 | Ossuary  | Gained mutation: You are dopey. (Int -2) [potion of
                  | mutation]
  6133 | Ossuary  | Gained mutation: You have large cloven feet. [potion of
                  | mutation]
  6137 | Ossuary  | Lost mutation: You have large cloven feet. [potion of
                  | mutation]
  6137 | Ossuary  | Lost mutation: You are dopey. (Int -2) [potion of mutation]
  6137 | Ossuary  | Lost mutation: You expend magic power (3 MP) to strengthen
                  | your wands. [potion of mutation]
  6137 | Ossuary  | Gained mutation: You are very frail. (-20% HP) [potion of
                  | mutation]
  6137 | Ossuary  | Gained mutation: You are extremely frail. (-30% HP) [potion
                  | of mutation]
  6137 | Ossuary  | Gained mutation: You have hidden genetic potential. [potion
                  | of mutation]
  6339 | D:7      | Reached * piety under Hepliaklqana
  6536 | D:7      | Reached skill level 10 in Maces & Flails
  6915 | D:8      | Reached XP level 10. HP: 29/50 MP: 8/8
  7002 | D:8      | Noticed a two-headed ogre
  7009 | D:8      | Killed a two-headed ogre
  7013 | D:8      | Gained mutation: You have a somewhat thin skeletal
                  | structure. (Dex +2, Stealth+) [hidden potential]
  7038 | D:8      | Reached skill level 11 in Maces & Flails
  7171 | D:8      | Found a hide-covered altar of Uskayaw.
  7171 | D:8      | Found a shimmering blue altar of Sif Muna.
  7359 | D:9      | Noticed a gargoyle
  7367 | D:9      | Killed a gargoyle
  7371 | D:9      | Slain by a wraith

Illustrated notes

Levels and vault maps discovered:
D:1:      denvon_arrival_planthouse, layout_rooms, minmay_door_square,
          minivault_27, dreamdust_mushroom_princess,
          chequers_serial_rivers_small_3, hangedman_glass_garden,
          wander_ebering_terrifying_dragon_lair
D:2:      layout_basic, fountainhead, minmay_vboxes
D:3:      layout_loops_corners, portal_sewer_entry_e
D:4:      layout_gridville, ebering_ghost_sewer_d
D:5:      layout_rooms, kennysheep_mini_moat, mainiacjoe_overflow_big_doors,
          corexii_hall_statues_l
D:6:      layout_basic, makhleb_heckhound_becter,
          mainiacjoe_overflow_large_starburst, minmay_temple_entry_hall,
          uniq_edmund, uniq_grinder, uniq_blork_the_orc, uniq_menkaure,
          uniq_maggie
D:7:      layout_loops_ring, enter_ossuary_4, minmay_fountain_box
D:8:      layout_cave_pools, gammafunk_temple_overflow_statue,
          corexii_corridor_pit
D:9:      minmay_the_grid_four_pointed_star
          [minmay_the_grid_triangle_9x9_sparse_checkered,
          minmay_the_grid_triangle_9x9_sprig,
          minmay_the_grid_triangle_9x9_intruding_spiral,
          minmay_the_grid_triangle_9x9_pentomino_pain,
          minmay_the_grid_prize_four_corners_diamond_b], layout_basic,
          corexii_leaking_fountain

Skill      XL: |  1  2  3  4  5  6  7  8  9 10 |
---------------+-------------------------------+-----
Maces & Flails | 1 3 4 5 6 8 10 11 | 11.2
Fighting       | 3 4 5 6 7 |  7.2
Armour         | 2 3 4 5 6 7 |  7.0
Stealth        | 1 |  1.0
Dodging        | 3 4 5 6 |  6.2
Shields        | 1 2 4 7 9 |  9.2
Ranged Weapons | |  4.3

Action                     |  1- 3 |  4- 6 |  7- 9 | 10-12 || total
---------------------------+-------+-------+-------+-------++-------
  Melee: Mace              |    65 |   114 |   124 |       ||   303
         Headbutt          |     7 |     8 |    69 |     7 ||    91
         Flail             |       |       |   272 |    36 ||   308
    Use: Scroll            |       |       |    20 |       ||    20
         Potion            |       |       |     9 |       ||     9
   Stab: Sleeping          |     1 |       |     8 |       ||     9
         Distracted        |       |       |     1 |     1 ||     2
 Armour: Ring mail         |    39 |    51 |    95 |       ||   185
         Swamp dragon scal |       |       |    57 |    10 ||    67
  Dodge: Dodged            |    45 |    85 |   119 |     7 ||   256
  Block: Buckler           |       |    26 |    11 |       ||    37
         Tower shield      |       |       |   211 |    34 ||   245

Table legend: (Time is in decaauts)
 A = Elapsed time spent in this place.
 B = Non-inter-level travel time spent in this place.
 C = Inter-level travel time spent in this place.
 D = Time resting spent in this place.
 E = Time spent auto-exploring this place.
 F = Levels seen in this place.
 G = Mean time per level.
                   A        B        C        D        E       F      G
               +--------+--------+--------+--------+--------+-----+--------+
         Total |   7565 |   6806 |    759 |     27 |   4881 |  11 |  687.7 |
       Dungeon |   6854 |   6095 |    759 |     27 |   4499 |   9 |  761.6 |
         Sewer |    338 |    338 |      0 |      0 |    214 |   1 |  338.0 |
       Ossuary |    372 |    372 |      0 |      0 |    168 |   1 |  372.0 |
               +--------+--------+--------+--------+--------+-----+--------+

Top non-repeatable levels by time:
     D:4: 1296 daAuts
     D:6: 1188 daAuts
     D:3: 787 daAuts
     D:1: 784 daAuts
     D:5: 736 daAuts
     D:7: 728 daAuts
     D:8: 641 daAuts
     D:2: 612 daAuts
 Ossuary: 372 daAuts
   Sewer: 338 daAuts
     D:9: 78 daAuts
